 Dungeon Crawl Stone Soup version 0.26.1-11-gd32895ea62 (webtiles) character file.

Game seed: 1410143208527561686

45 Zeld the Insei (level 3, 0/24 HPs)
             Began as an Octopode Transmuter on Sept 10, 2021.
             Succumbed to a worker ant's poison
             ... on level 2 of the Dungeon.
             The game lasted 00:02:33 (2381 turns).

Zeld the Insei (Octopode Transmuter)                Turns: 2381, Time: 00:02:34

Health: 0/24       AC:  1    Str: 10    XL:     3   Next: 64%
Magic:  6/6        EV: 13    Int: 15    God:
Gold:   34         SH:  0    Dex: 12    Spells: 0/6 levels left

rFire    . . .     SeeInvis .     - Unarmed
rCold    . . .     Faith    .   (no shield)
rNeg     . . .     Spirit   .   (helmet currently unavailable)
rPois    .         Reflect  .   (no amulet)
rElec    .         Harm     .   (no ring)
rCorr    .         Rampage  .   (no ring)
Will     .....                  (no ring)
Stlth    ++........             (no ring)
HPRegen  0.08/turn              (no ring)
MPRegen  0.10/turn              (no ring)
                                (no ring)
                                (no ring)

@: lethally poisoned (0 -> -16), appendages (expiring)
A: almost no armour, stealthy swim, amphibious, 8 rings, constrict 8, tentacle
spike 3, camouflage 1, gelatinous body 1
a: End Transformation


You were on level 2 of the Dungeon.
One of your tentacles had a temporary spike.
You visited 1 branch of the dungeon, and saw 2 of its levels.

You collected 34 gold pieces.

Inventory:

Jewellery
 e - an uncursed ring of see invisible {unknown}
Scrolls
 a - a scroll of enchant weapon {unknown}
 b - 4 scrolls of identify {unknown}
 f - a scroll of fear {unknown}
 i - a scroll of immolation {unknown}
Potions
 c - a potion of invisibility {unknown}
 d - a potion of haste {unknown}
 g - a potion of curing
 h - a potion of magic {unknown}


   Skills:
 * Level 2.0 Fighting
 + Level 2.4 Dodging
 - Level 3.0 Unarmed Combat
 + Level 2.2 Spellcasting
 * Level 2.6 Transmutations
 + Level 0.4 Poison Magic


You couldn't memorise any spells.
You knew the following spells:

 Your Spells              Type           Power        Failure   Level
a - Beastly Appendage     Tmut           18%          7%          1
b - Wereblood             Tmut           9%           11%         2
c - Spider Form           Tmut/Pois      3%           34%         3

Your spell library contained the following spells:

 Spells                   Type           Power        Failure   Level
 Ice Form                 Ice/Tmut       5%           77%         4
 Blade Hands              Tmut           4%           89%         5


Dungeon Overview and Level Annotations

Branches:
Dungeon (2/15)

Altars:


Innate Abilities, Weirdness & Mutations

You cannot wear most types of armour.
You are very stealthy in the water. (Stealth+)
You are amphibious.
You can wear up to eight rings at the same time.
You can use your tentacles to constrict eight enemies at once.
Your skin changes colour to match your surroundings (Stealth+).
Your rubbery body absorbs attacks. (AC +1, EV +1)
One of your tentacles bears a large vicious spike.


Message History

You tentacle-slap the worker ant but do no damage.
You grab the worker ant.
The worker ant is moderately wounded.
You constrict the worker ant. The worker ant bites you!
You are lethally poisoned!
The worker ant poisons you!
You are too injured to fight recklessly!
You completely miss the worker ant.
The worker ant is heavily wounded.
You constrict the worker ant.
You feel sick. The worker ant barely misses you.
You tentacle-slap the worker ant but do no damage.
The worker ant is heavily wounded.
You constrict the worker ant, but do no damage.
You feel sick. The worker ant bites you!
* * * LOW HITPOINT WARNING * * *
You barely miss the worker ant.
You squeeze the worker ant, but do no damage.
The worker ant is heavily wounded.
You constrict the worker ant.
You die...

##.## #.####.....#
....# #....'.....#
##..########.....###
.....>....##.......#
..........####.....#
..........## #.....#
....#......# #.....#
#..##......# #.....#
...##......# #..@..#
.g>.#......# #..B..#
....#......# #.....#
....#......# #.....#
....##....## #.....#
....##....####.....#
....#####.........##
....# #.........#
##### #........


You could see a worker ant.

Vanquished Creatures
  A worm (D:2)
  3 dart slugs
  3 leopard geckos
  4 bats
  A giant cockroach (D:2)
  5 goblins
  3 hobgoblins
  4 frilled lizards
  4 kobolds
  6 rats
34 creatures vanquished.

Notes
Turn   | Place    | Note
-------+----------+-------------------------------------------
     0 | D:1      | Zeld the Octopode Transmuter began the quest for the Orb.
     0 | D:1      | Reached XP level 1. HP: 13/13 MP: 3/3
   260 | D:1      | Reached XP level 2. HP: 7/18 MP: 3/5
   263 | D:1      | Learned a level 2 spell: Wereblood
  1303 | D:2      | Reached XP level 3. HP: 24/24 MP: 4/6
  1313 | D:2      | Learned a level 3 spell: Spider Form
  2380 | D:2      | HP: 1/24 [worker ant (7)]
  2381 | D:2      | Succumbed to a worker ant's poison

Illustrated notes

Levels and vault maps discovered:
D:1:      lightli_arrival_farm, layout_loops_ring
D:2:      layout_basic

Skill      XL: |  1  2  3 |
---------------+----------+-----
Fighting       | 2 |  2.0
Dodging        | |  2.4
Unarmed Combat | |  3.0
Spellcasting   | |  2.2
Transmutations | |  2.6
Poison Magic   | |  0.4

Action                   || total
-------------------------++-------
Melee: Unarmed           ||    83
       Constrict         ||    22
       Kick              ||    16
       Tentacles         ||    10
 Cast: Beastly Appendage ||    25
       Spider Form       ||     1
       Wereblood         ||     1
 Stab: Sleeping          ||     3
Armor: Skin              ||     5
Dodge: Dodged            ||    52
